[Event "ICC tourney 2212 (3 2)"]
[Site "Internet Chess Club"]
[Date "2020.12.18"]
[Round "2"]
[White "clair"]
[Black "Jeffchess"]
[Result "0-1"]
[ICCResult "White checkmated"]
[WhiteElo "1682"]
[BlackElo "1254"]
[Opening "Queen's pawn"]
[ECO "A40"]
[NIC "QO.17"]
[Time "20:13:11"]
[TimeControl "180+2"]

1. d4 e6 2. Bf4 c5 3. e3 d5 4. c3 c4 5. Nd2 b5 6. Ngf3 a5 7. Be2 a4 8. O-O
Bb7 9. a3 Nc6 10. Rc1 Na5 11. Qc2 Nb3 12. Nxb3 axb3 13. Qb1 Qa5 14. Ne5 f6
15. Nf3 Ne7 16. h3 Nc6 17. Nd2 Be7 18. Bh5+ g6 19. Bg4 f5 20. Bf3 O-O 21.
Bh6 Rfb8 22. g4 Ra7 23. gxf5 exf5 24. Bxd5+ Kh8 25. Nf3 Bf8 26. Bxf8 Rxf8
27. Ng5 Ba8 28. h4 Ne7 29. Bxa8 Rfxa8 30. h5 Kg7 31. hxg6 hxg6 32. f4 Nd5
33. Kf2 Re8 34. Rce1 Nxc3 35. bxc3 Qxc3 36. Rh1 Rxa3 37. Rh7+ Kg8 38. Kf3 b2
39. Reh1 Rxe3+ 40. Kf2 Qd2+ 41. Kg1 Rg3+ 42. Kf1 Qg2+ 43. Ke1 Rge3+ 44. Kd1
Rad3+ 45. Qxd3 Rxd3+ 46. Ke1 b1=R# {White checkmated} 0-1

[Event "ICC tourney 2212 (3 2)"]
[Site "Internet Chess Club"]
[Date "2020.12.18"]
[Round "2"]
[White "Harsha777"]
[Black "bopala"]
[Result "1-0"]
[ICCResult "Black resigns"]
[WhiteElo "2559"]
[BlackElo "1939"]
[Opening "Queen's gambit declined"]
[ECO "D30"]
[NIC "EO.64"]
[Time "20:13:13"]
[TimeControl "180+2"]

1. c4 e6 2. d4 d5 3. Nf3 c6 4. e3 Nf6 5. b3 Be7 6. Bb2 O-O 7. Bd3 Nbd7 8.
O-O Re8 9. Nbd2 Bd6 10. Ne5 Nf8 11. f4 Ng6 12. Qf3 c5 13. Qh3 cxd4 14. exd4
dxc4 15. bxc4 Qb6 16. Rab1 Nxe5 17. fxe5 Bxe5 18. c5 Bxd4+ 19. Bxd4 Qa5 20.
Nc4 Qd8 21. Bxf6 gxf6 22. Qxh7+ Kf8 23. Nd6 {Black resigns} 1-0

[Event "ICC tourney 2212 (3 2)"]
[Site "Internet Chess Club"]
[Date "2020.12.18"]
[Round "2"]
[White "RG2017"]
[Black "PearsonH"]
[Result "1-0"]
[ICCResult "Black resigns"]
[WhiteElo "1989"]
[BlackElo "1756"]
[Opening "QGD: exchange, positional line"]
[ECO "D35"]
[NIC "QO.16"]
[Time "20:13:03"]
[TimeControl "180+2"]

1. d4 e6 2. c4 d5 3. Nc3 Nf6 4. cxd5 exd5 5. Bg5 Be7 6. e3 c6 7. Qc2 O-O 8.
Bd3 h6 9. Bh4 Re8 10. Nge2 Nbd7 11. O-O Ne4 12. Bxe7 Qxe7 13. Rae1 Ndf6 14.
f3 Nxc3 15. Nxc3 Qd6 16. Kh1 Bd7 17. Qd2 Re7 18. e4 dxe4 19. fxe4 Qxd4 20.
e5 Bf5 21. Rxf5 Rd8 22. Rd1 Ng4 23. Rf4 Qd7 24. Rxg4 Qxg4 25. Bh7+ Kxh7 26.
Qxd8 Rxe5 27. Qd3+ Kg8 28. h3 Qg3 29. Qxg3 {Black resigns} 1-0

[Event "ICC tourney 2212 (3 2)"]
[Site "Internet Chess Club"]
[Date "2020.12.18"]
[Round "2"]
[White "chessrex"]
[Black "TjkTiger"]
[Result "0-1"]
[ICCResult "White checkmated"]
[WhiteElo "1958"]
[BlackElo "2602"]
[Opening "Blackmar-Diemer gambit"]
[ECO "A45"]
[NIC "QP.07"]
[Time "20:13:07"]
[TimeControl "180+2"]

1. d4 Nf6 2. f3 d5 3. e4 dxe4 4. Nc3 exf3 5. Nxf3 g6 6. Bc4 Bg7 7. O-O O-O
8. h3 a6 9. a4 c5 10. dxc5 Qc7 11. Be3 Nbd7 12. b4 b6 13. Nd5 Nxd5 14. Bxd5
Rb8 15. Bd4 bxc5 16. Bxg7 Kxg7 17. c4 e6 18. Ng5 Qe5 19. Nf3 Qd6 20. Be4
Qxd1 21. Raxd1 cxb4 22. a5 b3 23. Nd4 Nc5 24. Bb1 Bb7 25. Rfe1 Rfd8 26. Re5
Na4 27. Rd3 Nb2 28. Rxb3 Nxc4 29. Rc5 Rxd4 30. Rc7 Nxa5 31. Ra3 Rd1+ 32. Kh2
Rxb1 33. Rxa5 Rb2 34. Rg5 Bd5 35. Ra7 Ra2 36. h4 Rbb2 37. Kh3 h6 38. Rg3
Bxg2+ 39. Rxg2 Rxg2 40. h5 Rgb2 41. hxg6 Ra3+ 42. Kh4 Rb4+ 43. Kh5 Rh3#
{White checkmated}
0-1

[Event "ICC tourney 2212 (3 2)"]
[Site "Internet Chess Club"]
[Date "2020.12.18"]
[Round "2"]
[White "Shakhmatova"]
[Black "breaker90"]
[Result "0-1"]
[ICCResult "White checkmated"]
[WhiteElo "1792"]
[BlackElo "2112"]
[Opening "Danish gambit: Sorensen defense"]
[ECO "C21"]
[NIC "KP.04"]
[Time "20:13:56"]
[TimeControl "180+2"]

1. e4 e5 2. d4 exd4 3. c3 d5 4. e5 c5 5. Nf3 Nc6 6. cxd4 Bg4 7. Be3 cxd4 8.
Bxd4 Bxf3 9. gxf3 Bb4+ 10. Nc3 Nge7 11. Bh3 O-O 12. O-O Ng6 13. Re1 Nf4 14.
Bf1 Ne6 15. a3 Ba5 16. b4 Ncxd4 17. bxa5 Qxa5 18. Qd3 Rac8 19. Rec1 Nb3 20.
Nxd5 Nxc1 21. Ne7+ Kh8 22. Qf5 Nb3 23. Rd1 Rcd8 24. Rb1 Nbd4 25. Qh3 Qxe5
26. Rxb7 Qg5+ 27. Bg2 Ne2+ 28. Kh1 Rd1+ 29. Bf1 Qg1# {White checkmated} 0-1

[Event "ICC tourney 2212 (3 2)"]
[Site "Internet Chess Club"]
[Date "2020.12.18"]
[Round "2"]
[White "ritterfork"]
[Black "jy2020"]
[Result "1-0"]
[ICCResult "Black resigns"]
[WhiteElo "1846"]
[BlackElo "2227"]
[Opening "Sicilian: Smith-Morra gambit"]
[ECO "B21"]
[NIC "SI.47"]
[Time "20:13:01"]
[TimeControl "180+2"]

1. e4 c5 2. d4 cxd4 3. c3 Nf6 4. e5 Nd5 5. Nf3 d6 6. cxd4 Nc6 7. Bc4 dxe5 8.
Nxe5 Nxe5 9. dxe5 Nb4 10. Qa4+ Nc6 11. O-O e6 12. Rd1 Qc7 13. Nc3 Be7 14.
Bf4 O-O 15. Nb5 Qb8 16. Nd6 Bxd6 17. Rxd6 a6 18. Qc2 Ne7 19. Rad1 Qc7 20.
Be3 Nf5 21. Bb6 Qb8 22. Rd8 Qxe5 23. Rxf8+ Kxf8 24. Rd8+ Ke7 25. Bf1 Kf6 26.
g4 Qf4 27. gxf5 Qg4+ 28. Bg2 Qxf5 29. Qxf5+ Kxf5 30. Kf1 e5 31. Bh3+
{Black resigns}
1-0

[Event "ICC tourney 2212 (3 2)"]
[Site "Internet Chess Club"]
[Date "2020.12.18"]
[Round "2"]
[White "Kinawa"]
[Black "yav"]
[Result "0-1"]
[ICCResult "White forfeits on time"]
[WhiteElo "1535"]
[BlackElo "1216"]
[Opening "Scotch gambit"]
[ECO "C44"]
[NIC "SO.06"]
[Time "20:13:03"]
[TimeControl "180+2"]

1. e4 e5 2. Nf3 Nc6 3. d4 exd4 4. Bc4 Bc5 5. c3 Nf6 6. e5 Ng4 7. cxd4 Bb4+
8. Nc3 O-O 9. O-O d5 10. Nxd5 Ba5 11. Ne3 Nxe3 12. Bxe3 Bb6 13. Bg5 Qd7 14.
d5 Na5 15. Be2 Qf5 16. b4 Qg6 17. bxa5 Bxa5 18. Bd3 Qh5 19. Bc2 Bg4 20. Be4
Bxf3 21. Bxf3 Qxg5 22. Qe2 Bb6 23. e6 fxe6 24. dxe6 Kh8 25. Bxb7 Rae8 26.
Bf3 Re7 27. Qc4 Qf6 28. Rae1 Qh6 29. a4 c5 30. Re2 Bc7 31. h3 Rxf3
{White forfeits on time}
0-1

[Event "ICC tourney 2212 (3 2)"]
[Site "Internet Chess Club"]
[Date "2020.12.18"]
[Round "2"]
[White "JensenUVA"]
[Black "masonmcc"]
[Result "1-0"]
[ICCResult "Black checkmated"]
[WhiteElo "1516"]
[BlackElo "778"]
[Opening "Queen's pawn game, Darooha variation "]
[ECO "D02"]
[NIC "QP.08"]
[Time "20:13:03"]
[TimeControl "180+2"]

1. d4 d5 2. Nf3 Nf6 3. c4 e6 4. g3 Nc6 5. Bg2 dxc4 6. O-O Bd6 7. Qc2 b5 8.
a4 Ba6 9. e4 Be7 10. axb5 Bxb5 11. Rd1 O-O 12. Na3 a6 13. Nxc4 Bxc4 14. Qxc4
Nxe4 15. Qxc6 Ng5 16. Bxg5 Bxg5 17. Nxg5 Qxg5 18. Qxc7 Rab8 19. Qa5 Qf6 20.
Qxa6 Rxb2 21. Ra2 Rbb8 22. Qd3 h6 23. Rda1 Rfd8 24. Ra8 Rxa8 25. Rxa8 Rxa8
26. Bxa8 Qd8 27. Qe4 Qb6 28. Kg2 Qb2 29. d5 exd5 30. Qxd5 Qf6 31. Qc6 Kh7
32. Qe8 g6 33. Bd5 Kg7 34. Qd7 h5 35. h4 Kg8 36. f3 Kg7 37. Kh3 Kg8 38. Be4
Kg7 39. Qc6 Qe7 40. Qc3+ Kg8 41. Qd3 Qe6+ 42. g4 hxg4+ 43. fxg4 Kh7 44. h5
Qf6 45. hxg6+ fxg6 46. Bxg6+ Qxg6 47. Qxg6+ Kxg6 48. Kh4 Kh6 49. g5+ Kg7 50.
Kg4 Kg6 51. Kf4 Kf7 52. Kf5 Kg7 53. g6 Kf8 54. Ke6 Kg7 55. Kf5 Kf8 56. Kg5
Kg7 57. Kf5 Kf8 58. Kf6 Kg8 59. g7 Kh7 60. Kf7 Kh6 61. g8=Q Kh5 62. Qg3 Kh6
63. Qg6# {Black checkmated} 1-0

[Event "ICC tourney 2212 (3 2)"]
[Site "Internet Chess Club"]
[Date "2020.12.18"]
[Round "2"]
[White "eigenator"]
[Black "Zapateado"]
[Result "0-1"]
[ICCResult "White resigns"]
[WhiteElo "2376"]
[BlackElo "1908"]
[Opening "Sicilian: accelerated fianchetto, Maróczy bind"]
[ECO "B36"]
[NIC "SI.33"]
[Time "20:13:02"]
[TimeControl "180+2"]

1. e4 c5 2. Nf3 g6 3. d4 cxd4 4. Nxd4 Nc6 5. c4 Nf6 6. Nc3 d6 7. Be2 Nxd4 8.
Qxd4 Bg7 9. O-O O-O 10. Qd1 Be6 11. Be3 Qa5 12. Qd2 Rfc8 13. b3 b5 14. Nxb5
Qxd2 15. Bxd2 Nxe4 16. Rad1 a6 17. Na3 Nxd2 18. Rxd2 Rc5 19. Nc2 Rac8 20.
Nd4 Bxd4 21. Rxd4 a5 22. Rfd1 Rb8 23. Rb1 d5 24. cxd5 Rxd5 25. Rxd5 Bxd5 26.
Rd1 e6 27. Rd4 Rc8 28. Ra4 Rc1+ 29. Bf1 Kg7 30. f3 Ra1 31. Kf2 h5 32. h4 Kf6
33. Bd3 Rd1 34. Be2 Ra1 35. g4 hxg4 36. fxg4 Rh1 37. g5+ Ke5 38. Rxa5 Rxh4
39. a4 Rh2+ 40. Ke3 Rh3+ 41. Kd2 Rxb3 42. Ra7 Kd4 43. Rxf7 Rb2+ 44. Ke1 Ke3
45. Bd1 Rb1 46. Rc7 Ra1 47. Rc3+ Kf4 48. Kd2 Kxg5 49. Rc5 Kf4 50. a5 g5 51.
Be2 g4 52. a6 g3 53. Rc8 g2 54. Rf8+ Ke5 55. Rg8 g1=Q 56. Rxg1 Rxg1 57. Bd1
Rg7 58. Kc3 Ra7 59. Kb4 Rxa6 60. Be2 Rd6 61. Kc5 Rd8 62. Bb5 Kf4 {White
resigns} 0-1

[Event "ICC tourney 2212 (3 2)"]
[Site "Internet Chess Club"]
[Date "2020.12.18"]
[Round "2"]
[White "chessfidebullet"]
[Black "stocktn2malone"]
[Result "1-0"]
[ICCResult "Black resigns"]
[WhiteElo "1289"]
[BlackElo "1715"]
[Opening "Sicilian: Hungarian variation"]
[ECO "B27"]
[NIC "SI.43"]
[Time "20:13:56"]
[TimeControl "180+2"]

1. e4 c5 2. Nf3 g6 3. d4 Bg7 4. c3 cxd4 5. cxd4 Nc6 6. Bc4 d6 7. Nc3 Nf6 8.
Ng5 O-O 9. h4 h6 10. e5 dxe5 11. Nxf7 Rxf7 12. Bxf7+ Kxf7 13. Qb3+ Kf8 14.
h5 Nxd4 15. Qa4 Bd7 16. Qd1 Bg4 17. f3 Bf5 18. Be3 Nc2+ 19. Kf2 Qxd1 20.
Rhxd1 Nxa1 21. g4 Be6 22. Rxa1 gxh5 23. gxh5 Nxh5 24. Rh1 Nf4 25. Bxf4 exf4
26. Nb5 Bxa2 27. Ra1 Be6 28. Nc7 Bd4+ 29. Kg2 Bh3+ 30. Kxh3 Kf7 31. Nxa8
Bxb2 32. Rxa7 b6 33. Nxb6 Bd4 34. Ra6 e5 35. Nd5 Kg7 36. Rd6 Bb2 37. Rd7+
Kg6 38. Kg4 Bd4 39. Rd6+ Kg7 40. Kh5 Bb2 41. Rxh6 Bd4 42. Rg6+ Kf7 43. Rf6+
Ke8 44. Nxf4 exf4 45. Rxf4 Bc5 46. Re4+ Kf7 47. f4 Be7 48. Rxe7+ Kxe7 49.
Kg6 Kf8 50. f5 Kg8 51. f6 Kh8 52. Kf7 Kh7 53. Kf8 Kg6 54. f7 Kf6 55. Kg8
{Black resigns}
1-0

[Event "ICC tourney 2212 (3 2)"]
[Site "Internet Chess Club"]
[Date "2020.12.18"]
[Round "2"]
[White "Jett503"]
[Black "Averyyu321"]
[Result "0-1"]
[ICCResult "White forfeits on time"]
[WhiteElo "1435"]
[BlackElo "1739"]
[Opening "Sicilian: dragon, 6.Be3"]
[ECO "B72"]
[NIC "SI.16"]
[Time "20:13:08"]
[TimeControl "180+2"]

1. e4 c5 2. Nf3 d6 3. d4 cxd4 4. Nxd4 Nf6 5. Nc3 g6 6. Be3 Bg7 7. Bd3 a6 8.
O-O O-O 9. h3 b5 10. Nce2 Bb7 11. f3 Nbd7 12. b4 Ne5 13. a3 Rc8 14. Bf4 Nxd3
15. cxd3 e5 16. Bg5 exd4 17. Nxd4 Qb6 18. Be3 Qd8 19. Bg5 h6 20. Bh4 g5 21.
Bf2 Nd7 22. Rb1 Ne5 23. Nf5 d5 24. Bd4 Re8 25. Bc5 Rc6 26. d4 Nc4 27. exd5
Qxd5 28. Qd3 Rc7 29. Rfe1 Rxe1+ 30. Rxe1 Bc6 31. Ne7+ Rxe7 32. Rxe7 Nb2 33.
Qe2 Bxd4+ 34. Bxd4 Qxd4+ 35. Kh1 Qd6 {White forfeits on time} 0-1

[Event "ICC tourney 2212 (3 2)"]
[Site "Internet Chess Club"]
[Date "2020.12.18"]
[Round "2"]
[White "hackerguru"]
[Black "Goran21"]
[Result "1-0"]
[ICCResult "Black checkmated"]
[WhiteElo "1756"]
[BlackElo "2008"]
[Opening "English opening"]
[ECO "A05"]
[NIC "QP.11"]
[Time "20:13:56"]
[TimeControl "180+2"]

1. Nf3 Nf6 2. c4 g6 3. Nc3 Bg7 4. g3 O-O 5. Bg2 d6 6. O-O Nc6 7. e4 e5 8. h3
Nh5 9. d3 f5 10. exf5 gxf5 11. Nxe5 Nxe5 12. Qxh5 c6 13. Bg5 Qc7 14. Rfd1
Nf7 15. Bd2 Be6 16. Re1 Rae8 17. Rac1 Ne5 18. Re3 f4 19. gxf4 Ng6 20. Rg3
Bf5 21. Ne4 Qe7 22. Re3 Nxf4 23. Qf3 Nxg2 24. Qxg2 Kh8 25. Ng3 Qd7 26. Rce1
Rxe3 27. Rxe3 Bxh3 28. Qh2 Bg4 29. Ne4 Be5 30. Qh6 Rg8 31. Nf6 Bf3+ 32. Kf1
Qg7 33. Qxg7+ Rxg7 34. Rxf3 Rf7 35. Bc3 Bxc3 36. bxc3 a5 37. Ke2 Re7+ 38.
Kd2 Re6 39. Ne4 Kg7 40. Rg3+ Kf8 41. Ng5 Re7 42. Rh3 Re5 43. Nxh7+ Kg7 44.
f4 Re8 45. Ng5 Kg6 46. Rg3 Kf5 47. Rf3 Rh8 48. Ne4 Rh2+ 49. Rf2 Rh1 50.
Nxd6+ Ke6 51. Nxb7 a4 52. Nc5+ Kd6 53. Nxa4 c5 54. Nb2 Ra1 55. f5 Ke7 56.
f6+ Kf7 57. a4 Rb1 58. Kc2 Rh1 59. Kb3 Ra1 60. Rf5 Rf1 61. Rxf1 Ke6 62. f7
Ke5 63. f8=Q Ke6 64. Qe8+ Kd6 65. Rf6+ Kc7 66. Qe7+ Kc8 67. Rf8#
{Black checkmated}
1-0

[Event "ICC tourney 2212 (3 2)"]
[Site "Internet Chess Club"]
[Date "2020.12.18"]
[Round "2"]
[White "baldwinsthename"]
[Black "edenhe"]
[Result "1-0"]
[ICCResult "Black forfeits on time"]
[WhiteElo "1215"]
[BlackElo "1518"]
[Opening "Mieses opening"]
[ECO "A00"]
[NIC "VO.13"]
[Time "20:13:06"]
[TimeControl "180+2"]

1. d3 d5 2. c3 e5 3. Nd2 Nf6 4. Ngf3 Nc6 5. e4 dxe4 6. dxe4 Bc5 7. Bc4 Bg4
8. h3 Bh5 9. O-O O-O 10. b4 Bb6 11. b5 Na5 12. Be2 Bg6 13. Nxe5 Bxe4 14. Bf3
Bxf3 15. Nexf3 Re8 16. Re1 Rxe1+ 17. Qxe1 Qe8 18. Qf1 Rd8 19. a4 Nd5 20. Bb2
Nf4 21. Re1 Qd7 22. Ne5 Qxd2 23. Bc1 Qxc3 24. Bxf4 Qd4 25. Bg3 Qxa4 26. Nd7
h6 27. Nxb6 cxb6 28. Qe2 Qc4 29. Qb2 Nb3 30. Kh2 Kh7 31. Bf4 Qxf4+ 32. g3
Qc4 33. Re7 Nd4 34. Qa3 Nf3+ 35. Qxf3 Rd3 36. Qxf7 Qxf7 37. Rxf7 Rb3 38.
Rxb7 Rxb5 39. Rxa7 Rb4 40. g4 Rb2 41. Kg3 b5 42. f3 b4 43. Rb7 b3 44. Kf4
Rb1 45. h4 Kg6 46. Rb6+ Kf7 47. h5 b2 48. Kf5 Rc1 49. Rb7+ Kg8 50. Rxb2 Rc5+
51. Kg6 Rc6+ 52. Kf5 Rc5+ 53. Ke4 Rc4+ 54. Kd5 Rc3 55. Rf2 Rd3+ 56. Ke5 Re3+
57. Kf4 Rc3 58. Ke5 Rc5+ 59. Kd6 Rc3 60. f4 Rg3 61. f5 Rxg4 62. Ke7 Re4+ 63.
Kd6 Kf7 64. Kd5 Re1 65. Rg2 Rf1 66. Ke5 Rh1 67. f6 gxf6+ 68. Kd6 Rxh5 69.
Rf2 Rg5 70. Kd7 h5 71. Kd6 Re5 72. Rh2 Kg6 73. Kd7 Kg5 74. Rg2+ Kf5 75. Kd6
h4 76. Rf2+ Kg5 77. Rg2+ Kh5 78. Rf2 Kg5 79. Rg2+ Kf5 80. Rf2+ Kg6 81. Rg2+
Rg5 82. Rh2 Kh5 83. Ke6 f5 84. Ke5 Kg4 85. Rg2+ Kh5 86. Rh2 Kg6 87. Rxh4
{Black forfeits on time}
1-0

[Event "ICC tourney 2212 (3 2)"]
[Site "Internet Chess Club"]
[Date "2020.12.18"]
[Round "2"]
[White "MrNormalName"]
[Black "Tacticsguy52"]
[Result "1-0"]
[ICCResult "Black checkmated"]
[WhiteElo "2181"]
[BlackElo "1845"]
[Opening "QGD: exchange, positional line, 5...c6"]
[ECO "D35"]
[NIC "QO.16"]
[Time "20:13:53"]
[TimeControl "180+2"]

1. d4 d5 2. c4 e6 3. Nc3 Nf6 4. cxd5 exd5 5. Bg5 c6 6. e3 Be7 7. Bd3 O-O 8.
Nge2 h6 9. Bh4 Nbd7 10. O-O Re8 11. f3 Nf8 12. Qd2 Be6 13. e4 dxe4 14. fxe4
Nxe4 15. Nxe4 Bxh4 16. Nc5 Bg4 17. Bc4 Bxe2 18. Bxe2 Rxe2 19. Qxe2 Qxd4+ 20.
Kh1 Qxc5 21. Qf3 Bf6 22. Rac1 Qd5 23. Qg3 Bxb2 24. Rcd1 Qg5 25. Qb3 Bf6 26.
Qxb7 Re8 27. Qxc6 Re2 28. a4 Ne6 29. Qa8+ Kh7 30. Qf3 Qe5 31. Rd7 Ng5 32.
Qd3+ Qe4 33. Qxe4+ Rxe4 34. Rxa7 Bd4 35. Ra8 Bc5 36. a5 f6 37. a6 Ra4 38.
Rc1 Ne4 39. h3 Be3 40. Re1 Bf2 41. Rb1 Nd2 42. Rd1 Ne4 43. Kh2 Bg3+ 44. Kg1
Nc5 45. a7 Ne4 46. Re8 Bf2+ 47. Kf1 Bxa7 48. Rd7 Ng3+ 49. Ke1 Ra1+ 50. Kd2
Nf5 51. Rc8 Be3+ 52. Ke2 Ra2+ 53. Kf3 Rf2+ 54. Ke4 Bg5 55. Rcc7 Rf4+ 56. Kd3
Rf2 57. g4 Rd2+ 58. Ke4 Rxd7 59. Rxd7 Ng3+ 60. Kf3 Nf1 61. Rd1 Nd2+ 62. Kg3
Ne4+ 63. Kf3 Nd2+ 64. Kg3 Nc4 65. h4 Be3 66. Rd7 Bc5 67. Kg2 Ne5 68. Rc7 Bd6
69. Ra7 Nxg4 70. Kf3 Ne5+ 71. Ke4 Kg6 72. Ra6 Bf8 73. Ra8 Be7 74. Ra7 Bd8
75. h5+ Kh7 76. Kf5 Nf3 77. Rd7 Bb6 78. Rd3 Nd4+ 79. Kf4 Ne6+ 80. Kf5 Ng5
81. Rd6 Bc5 82. Rc6 Be3 83. Rc7 Nh3 84. Rc3 Nf4 85. Rxe3 Nxh5 86. Kg4 Kg6
87. Re7 f5+ 88. Kf3 Kf6 89. Ra7 g5 90. Ra6+ Kg7 91. Rb6 g4+ 92. Kg2 f4 93.
Kf2 g3+ 94. Kf3 Kh7 95. Rc6 Kg7 96. Ra6 Nf6 97. Kxf4 g2 98. Ra1 Nd5+ 99. Kf3
Kg6 100. Kxg2 Nf4+ 101. Kf3 Nh5 102. Kg4 Nf6+ 103. Kh4 Kf5 104. Ra5+ Kg6
105. Rb5 Nh7 106. Rb6+ Kg7 107. Kg4 Nf6+ 108. Kf5 Nh7 109. Rb7+ Kg8 110. Kg6
Nf8+ 111. Kxh6 Ne6 112. Kg6 Nf8+ 113. Kf6 Nh7+ 114. Kf5 Nf8 115. Ra7 Nh7
116. Kg6 Nf8+ 117. Kh6 Ne6 118. Rb7 Nf8 119. Re7 Kh8 120. Rf7 Kg8 121. Rf6
Nd7 122. Rg6+ Kf7 123. Kg5 Ne5 124. Rh6 Ke7 125. Kf5 Nf7 126. Rh7 Kf8 127.
Kf6 Kg8 128. Rxf7 Kh8 129. Kg6 Kg8 130. Rf6 Kh8 131. Rf8# {Black checkmated}
1-0

[Event "ICC tourney 2212 (3 2)"]
[Site "Internet Chess Club"]
[Date "2020.12.18"]
[Round "3"]
[White "yogokings12"]
[Black "chessrex"]
[Result "0-1"]
[ICCResult "White resigns"]
[WhiteElo "1575"]
[BlackElo "1958"]
[Opening "King's gambit"]
[ECO "C30"]
[NIC "KG.05"]
[Time "20:31:02"]
[TimeControl "180+2"]

1. e4 e5 2. f4 Nc6 3. Nf3 f5 4. Nc3 fxe4 5. Nxe4 d5 6. Nc3 e4 7. Ng1 Nf6 8.
d3 exd3 9. Bxd3 Bc5 10. Qe2+ Kf7 11. Nf3 Re8 12. Ne5+ Kg8 13. Na4 Nxe5 14.
fxe5 Bg4 15. Nxc5 Bxe2 16. Bxe2 Rxe5 17. Nd3 Re8 18. Bg5 c6 19. Kd2 Ne4+
{White resigns}
0-1

[Event "ICC tourney 2212 (3 2)"]
[Site "Internet Chess Club"]
[Date "2020.12.18"]
[Round "3"]
[White "stephenwilly"]
[Black "xcelswimmer"]
[Result "1-0"]
[ICCResult "Black resigns"]
[WhiteElo "1496"]
[BlackElo "1920"]
[Opening "French defense, Steiner variation"]
[ECO "C00"]
[NIC "FR.01"]
[Time "20:30:27"]
[TimeControl "180+2"]

1. e4 e6 2. c4 c5 3. Nf3 d5 4. exd5 exd5 5. cxd5 Nf6 6. d4 cxd4 7. Nxd4 Bb4+
8. Bd2 Bxd2+ 9. Qxd2 O-O 10. Nc3 Re8+ 11. Be2 Nxd5 12. O-O b6 13. Nxd5 Qxd5
14. Bf3 Qc5 15. Rac1 Qd6 16. Bxa8 Ba6 17. Rfe1 Rd8 18. Bf3 Nd7 19. Qg5 f6
20. Qd5+ Qxd5 21. Bxd5+ Kf8 22. Ne6+ {Black resigns} 1-0

[Event "ICC tourney 2212 (3 2)"]
[Site "Internet Chess Club"]
[Date "2020.12.18"]
[Round "3"]
[White "masonmcc"]
[Black "clair"]
[Result "0-1"]
[ICCResult "White checkmated"]
[WhiteElo "778"]
[BlackElo "1682"]
[Opening "Robatsch (modern) defense"]
[ECO "B06"]
[NIC "KF.05"]
[Time "20:30:33"]
[TimeControl "180+2"]

1. e4 g6 2. d4 Bg7 3. Nf3 e6 4. e5 Ne7 5. Nc3 h6 6. Be3 d6 7. Qd2 dxe5 8.
dxe5 Qxd2+ 9. Nxd2 O-O 10. Nf3 Nbc6 11. Bd3 Nxe5 12. Nxe5 Bxe5 13. O-O Bg7
14. a4 a6 15. Ne2 Nd5 16. Bc5 Re8 17. b4 b6 18. Bd4 Nxb4 19. Bxg7 Kxg7 20.
Rfb1 Nxd3 21. cxd3 Bb7 22. Rc1 c6 23. h3 Red8 24. d4 Rac8 25. Rc3 c5 26.
dxc5 Rxc5 27. Rb3 b5 28. axb5 axb5 29. Rab1 Bc6 30. Nc3 Rb8 31. Ne4 Bxe4 32.
f3 Bd5 33. Rb4 Rc4 34. Rxb5 Rxb5 35. Rxb5 g5 36. Kf2 h5 37. g4 hxg4 38. hxg4
Kg6 39. Kg3 f6 40. f4 Rxf4 41. Rb8 Rf3+ 42. Kh2 Rb3 43. Rg8+ Kf7 44. Rh8 e5
45. Kg1 e4 46. Kf2 e3+ 47. Ke2 Bc4+ 48. Ke1 e2 49. Rh7+ Kg6 50. Rc7 Rb1+ 51.
Kf2 e1=Q+ 52. Kf3 Be2+ 53. Ke3 Bxg4+ 54. Kd4 Rc1 55. Rb7 Qd1+ 56. Ke4 Qc2+
57. Kd5 Rd1# {White checkmated} 0-1

[Event "ICC tourney 2212 (3 2)"]
[Site "Internet Chess Club"]
[Date "2020.12.18"]
[Round "3"]
[White "Tacticsguy52"]
[Black "chessfidebullet"]
[Result "1-0"]
[ICCResult "Black checkmated"]
[WhiteElo "1845"]
[BlackElo "1289"]
[Opening "Philidor's defense"]
[ECO "C41"]
[NIC "KP.08"]
[Time "20:30:26"]
[TimeControl "180+2"]

1. e4 e5 2. Nf3 d6 3. d4 Bg4 4. dxe5 Qe7 5. exd6 Qxe4+ 6. Qe2 Qxe2+ 7. Bxe2
Bxd6 8. O-O h5 9. h3 Bxf3 10. Bxf3 Nc6 11. Nc3 Nd4 12. Bxb7 Nxc2 13. Re1+
Nxe1 14. Bxa8 Nc2 15. Rb1 Nd4 16. Be3 Bc5 17. Re1 Ne7 18. Nd5 Nc2 19. Rc1
Nxe3 20. Rxc5 N3xd5 21. Bxd5 Kd7 22. Bxf7 Rf8 23. Bxh5 Nf5 24. Bg4 Kd6 25.
Rxf5 Rb8 26. b3 a5 27. Rxa5 c5 28. Ra6+ Ke5 29. Ra7 Kd4 30. Rxg7 Kc3 31. Rc7
Kb2 32. Rxc5 Kxa2 33. h4 Kxb3 34. h5 Kb4 35. Rg5 Kc3 36. h6 Kd2 37. h7 Rh8
38. Bf5 Re8 39. Rg8 Re1+ 40. Kh2 Re2 41. h8=Q Rxf2 42. Qd4+ Ke2 43. Bg4+ Ke1
44. Re8+ Kf1 45. Qd1# {Black checkmated} 1-0

[Event "ICC tourney 2212 (3 2)"]
[Site "Internet Chess Club"]
[Date "2020.12.18"]
[Round "3"]
[White "SupaHotFiya"]
[Black "blackjack721"]
[Result "1-0"]
[ICCResult "Black checkmated"]
[WhiteElo "1982"]
[BlackElo "1492"]
[Opening "Vienna gambit: Paulsen attack"]
[ECO "C29"]
[NIC "VG.03"]
[Time "20:30:27"]
[TimeControl "180+2"]

1. e4 e5 2. Nc3 Nf6 3. f4 d5 4. fxe5 Nxe4 5. Qf3 Nxc3 6. bxc3 Be6 7. d4 Nc6
8. Bd3 Be7 9. Ne2 g5 10. O-O h5 11. Ng3 Qb8 12. Nxh5 Qc8 13. Nf6+ Bxf6 14.
Qxf6 Kd7 15. Bxg5 Qg8 16. Bf5 Re8 17. Bxe6+ fxe6 18. Qf7+ Qxf7 19. Rxf7+ Kc8
20. Raf1 Nd8 21. Bxd8 Rxd8 22. Rg7 Rd7 23. Rff7 Rxf7 24. Rxf7 b6 25. g4 a5
26. g5 Rh3 27. g6 Rxc3 28. g7 Rxc2 29. g8=Q+ Kb7 30. Rf2 Rc1+ 31. Kg2 Rc4
32. Qxe6 Rxd4 33. Qd7 Rc4 34. Qxd5+ Rc6 35. Rc2 b5 36. Qxc6+ Ka7 37. Qxc7+
Ka6 38. Rc6# {Black checkmated} 1-0

[Event "ICC tourney 2212 (3 2)"]
[Site "Internet Chess Club"]
[Date "2020.12.18"]
[Round "3"]
[White "jy2020"]
[Black "hackerguru"]
[Result "1-0"]
[ICCResult "Black resigns"]
[WhiteElo "2227"]
[BlackElo "1756"]
[Opening "Sicilian: Labourdonnais-Löwenthal (Kalashnikov) variation"]
[ECO "B32"]
[NIC "SI.32"]
[Time "20:30:26"]
[TimeControl "180+2"]

1. e4 c5 2. Nf3 Nc6 3. d4 cxd4 4. Nxd4 e5 5. Nb5 d6 6. N1c3 a6 7. Na3 Be7 8.
Be3 Nf6 9. Nd5 Nxd5 10. exd5 Nb8 11. c4 f5 12. f3 f4 13. Bf2 Nd7 14. Bd3
Qa5+ 15. Qd2 Qxd2+ 16. Kxd2 b6 17. b4 Bb7 18. Nc2 Kd8 19. Rhc1 Rc8 20. Ne1
Nf6 21. Bxb6+ Kd7 22. Bf5+ Ke8 23. Bxc8 {Black resigns} 1-0

[Event "ICC tourney 2212 (3 2)"]
[Site "Internet Chess Club"]
[Date "2020.12.18"]
[Round "3"]
[White "pmchess98"]
[Black "Shakhmatova"]
[Result "1-0"]
[ICCResult "Black resigns"]
[WhiteElo "1441"]
[BlackElo "1792"]
[Opening "QP counter-gambit (elephant gambit)"]
[ECO "C40"]
[NIC "KP.10"]
[Time "20:30:31"]
[TimeControl "180+2"]

1. e4 e5 2. Nf3 d5 3. Nxe5 dxe4 4. Bc4 Qg5 5. d4 Qxg2 6. Rf1 Bh3 7. Nxf7 Bg4
8. Qd2 Nf6 9. Nxh8 Bh5 10. Qg5 Nbd7 11. Qxg2 O-O-O 12. Bg5 Bd6 13. Bxf6 gxf6
14. Nf7 Bxf7 15. Bxf7 Kb8 16. Nd2 f5 17. O-O-O Nf6 18. Be6 Re8 19. Bxf5 e3
20. fxe3 Rxe3 21. Rde1 {Black resigns} 1-0

[Event "ICC tourney 2212 (3 2)"]
[Site "Internet Chess Club"]
[Date "2020.12.18"]
[Round "3"]
[White "bopala"]
[Black "baldwinsthename"]
[Result "1-0"]
[ICCResult "Black checkmated"]
[WhiteElo "1939"]
[BlackElo "1215"]
[Opening "Queen's Pawn"]
[ECO "A41"]
[NIC "QO.17"]
[Time "20:31:09"]
[TimeControl "180+2"]

1. d4 d6 2. Nf3 c6 3. g3 Bd7 4. Bg2 Qc8 5. c4 g6 6. Nc3 Bg7 7. Bf4 Nf6 8.
Qc2 a6 9. a4 b6 10. e4 Bh3 11. Bxh3 Qxh3 12. O-O-O Qd7 13. e5 Ng4 14. exd6
exd6 15. Rhe1+ Kf8 16. Ne4 d5 17. Nd6 h5 18. Re8+ Qxe8 19. Nxe8 Kxe8 20.
cxd5 Kd7 21. Ne5+ Nxe5 22. Bxe5 Bh6+ 23. Kb1 Ra7 24. dxc6+ Nxc6 25. Bxh8 Rc7
26. Qe2 Bg5 27. d5 Nb4 28. d6 Rc2 29. Qe4 a5 30. Bc3 Bf6 31. Bxf6 Rxf2 32.
Qe7+ Kc6 33. d7 Nd5 34. d8=Q Nxe7 35. Bxe7 Rf5 36. Qd7# {Black checkmated}
1-0